[Event "Titled Tuesday Blitz August 08 Early 2023"]
[White "Heinemann, Josefine"]
[Black "Perske, Thore"]
[WhiteFideId "12900460"]
[BlackFideId "12902195"]
[WhiteElo "2592"]
[BlackElo "2514"]
[Result "0-1"]
[Round "10"]
[TimeControl "180+1"]
[Date "2023.08.08"]
[WhiteClock "0:00:06"]
[BlackClock "0:00:11"]
[Board "71"]

1. e4 e6 2. d4 d5 3. Nd2 c5 4. exd5 Qxd5 5. Ngf3 cxd4 6. Bc4 Qd6 7. O-O Nf6 8. Nb3 Nc6 9. Nbxd4 Nxd4 10. Nxd4 Be7 11. c3 O-O 12. Qe2 a5 13. Rd1 Qb6 14. Be3 Bc5 15. Rab1 a4 16. b4 axb3 17. axb3 e5 18. b4 exd4 19. bxc5 Qxc5 20. Bxd4 Qg5 21. Qe3 Qg6 22. Bd3 Bf5 23. Bxf5 Qxf5 24. Rxb7 Rfe8 25. Qg3 Nh5 26. Qf3 Qxf3 27. gxf3 Nf4 28. Kf1 Rac8 29. Re1 Ne6 30. Re4 Rc6 31. Ke2 Rec8 32. f4 h6 33. f5 Nc5 34. Bxc5 Rxc5 35. Ree7 Rxf5 36. Rec7 Rxc7 37. Rxc7 Rh5 38. c4 Rxh2 39. c5 Rh1 40. Kd2 Rh4 41. Rc8+ Kh7 42. Kd3 Rh1 43. Kd2 Rf1 44. c6 Rxf2+ 45. Kd3 Rf1 46. Kd2 Rf5 47. Kd3 Rc5 48. Kd4 Rc1 49. Kd3 h5 50. Ke3 g5 51. Kf3 Rc4 52. Kg3 h4+ 53. Kh3 Kg7 54. c7 f5 55. Kg2 Rc3 56. Kf2 g4 57. Ke2 h3 58. Kd2 Rc6 59. Ke3 h2 0-1


[Site "https://www.chess.com"]

[Event "Titled Tuesday Blitz August 08 Early 2023"]
[White "NicolaiMaxime"]
[Black "Borgaonkar Akshay"]
[BlackFideId "25639110"]
[WhiteElo "2508"]
[BlackElo "2590"]
[Result "0-1"]
[Round "10"]
[TimeControl "180+1"]
[Date "2023.08.08"]
[WhiteClock "0:00:16"]
[BlackClock "0:01:12"]
[Board "72"]

1. e4 c5 2. b3 Nf6 3. Nc3 d6 4. Bb2 Nc6 5. Bb5 Bd7 6. f4 a6 7. Bxc6 Bxc6 8. Qe2 b5 9. e5 dxe5 10. fxe5 Nd5 11. e6 f6 12. O-O-O Nxc3 13. dxc3 Qc7 14. c4 g6 15. h4 Bh6+ 16. Kb1 O-O 17. h5 g5 18. Nf3 Rfd8 19. Rxd8+ Rxd8 20. Rd1 Rxd1+ 21. Qxd1 bxc4 22. bxc4 Qc8 23. Qe2 Bg7 24. Nxg5 fxg5 25. Bxg7 Kxg7 26. Qe5+ Kh6 27. Qf5 Qb7+ 28. Kc1 Kxh5 29. Qxh7+ Kg4 30. Qh3+ Kf4 31. g4 Bf3 32. Qh8 Bxg4 33. Qh6 Qe4 34. Qf8+ Bf5 35. Kb2 Qxc2+ 36. Ka3 Qc3+ 37. Ka4 Qxc4+ 38. Ka5 Qb5# 0-1


[Site "https://www.chess.com"]

[Event "Titled Tuesday Blitz August 08 Early 2023"]
[White "Zavgorodniy, Sergiy"]
[Black "Liu, Casper"]
[WhiteFideId "14110148"]
[BlackFideId "1454153"]
[WhiteElo "2586"]
[BlackElo "2502"]
[Result "1-0"]
[Round "10"]
[TimeControl "180+1"]
[Date "2023.08.08"]
[WhiteClock "0:01:21"]
[BlackClock "0:00:09"]
[Board "73"]

1. d4 Nf6 2. c4 g6 3. Nc3 Bg7 4. e4 O-O 5. Be2 d6 6. Nf3 e5 7. O-O exd4 8. Nxd4 Nc6 9. Be3 Re8 10. f3 Nh5 11. Qd2 Nf4 12. Rfd1 Bxd4 13. Bxd4 Qg5 14. Bf1 Nxd4 15. Qxd4 Bh3 16. g3 h5 17. Bxh3 Nxh3+ 18. Kg2 Nf4+ 19. Kh1 Nh3 20. Nd5 c5 21. Qd2 Red8 22. f4 Qg4 23. Nf6+ 1-0


[Site "https://www.chess.com"]

[Event "Titled Tuesday Blitz August 08 Early 2023"]
[White "Budrewicz, Krzysztof"]
[Black "Mmukka"]
[WhiteFideId "1127950"]
[WhiteElo "2585"]
[BlackElo "2496"]
[Result "1-0"]
[Round "10"]
[TimeControl "180+1"]
[Date "2023.08.08"]
[WhiteClock "0:00:25"]
[BlackClock "0:00:11"]
[Board "74"]

1. d4 d5 2. c4 dxc4 3. e4 c5 4. d5 Nf6 5. Nc3 e6 6. Bxc4 exd5 7. Bxd5 Nxd5 8. Nxd5 Be6 9. Nf3 Nc6 10. O-O Bd6 11. Nf4 Qe7 12. Nxe6 Qxe6 13. Re1 O-O 14. b3 Rad8 15. Qe2 Rfe8 16. Bb2 h6 17. Rad1 Ne5 18. Nh4 Bf8 19. g3 Nc6 20. f4 Nd4 21. Bxd4 cxd4 22. Nf3 Qb6 23. Qd3 Rc8 24. Rc1 a5 25. Kg2 Bc5 26. Ne5 Qd6 27. Nc4 Qa6 28. Red1 a4 29. h4 axb3 30. axb3 b5 31. Ne5 Qb7 32. Re1 f6 33. Nf3 Ba7 34. Rxc8 Rxc8 35. Nxd4 Qd7 36. Rd1 Rd8 37. Qxb5 Qxb5 38. Nxb5 Rxd1 39. Nxa7 Rb1 40. Nc6 Rxb3 41. Kf2 Rc3 42. Ne7+ Kf7 43. Nf5 Ra3 44. h5 Ra4 45. Kf3 Ra3+ 46. Ne3 Ke6 47. Ke2 Ra2+ 48. Kf3 Ra3 49. Kf2 Rc3 50. Nf5 Rc7 51. Ke3 Ra7 52. g4 Ra3+ 53. Kf2 Ra4 54. Kf3 Ra3+ 55. Kf2 Ra7 56. Nd4+ Kd6 57. Nb5+ Kc5 58. Nxa7 Kb6 59. Nc8+ Kc6 60. Ne7+ Kd6 61. Nf5+ Kc5 62. Ke3 Kc6 63. Nxg7 Kd7 64. Nf5 Ke6 65. Nxh6 Ke7 66. Nf5+ Ke6 67. h6 Kf7 68. e5 Kg6 69. exf6 Kh7 70. g5 Kg6 71. Nh4+ Kh7 72. f5 Kh8 73. g6 Kg8 74. f7+ Kf8 75. h7 Kg7 76. h8=Q+ Kxh8 77. f8=Q# 1-0


[Site "https://www.chess.com"]

[Event "Titled Tuesday Blitz August 08 Early 2023"]
[White "Iljin, Timofey"]
[Black "vishwa_vijeta"]
[WhiteFideId "14110180"]
[WhiteElo "2494"]
[BlackElo "2575"]
[Result "1-0"]
[Round "10"]
[TimeControl "180+1"]
[Date "2023.08.08"]
[WhiteClock "0:00:30"]
[BlackClock "0:00:00"]
[Board "75"]

1. d4 Nf6 2. c4 g6 3. Nc3 d5 4. cxd5 Nxd5 5. e4 Nxc3 6. bxc3 Bg7 7. Nf3 c5 8. Be2 O-O 9. O-O Nc6 10. Be3 Qa5 11. Rc1 Rd8 12. d5 Ne5 13. Nxe5 Bxe5 14. c4 Bg7 15. f4 b6 16. e5 f6 17. e6 Bxe6 18. Bd2 Qxa2 19. Rc2 Qa4 20. dxe6 Rd6 21. f5 Rad8 22. Qc1 gxf5 23. Bf3 Rxe6 24. Bd5 Rxd5 25. cxd5 Qd4+ 26. Kh1 Qxd5 27. Bf4 Re4 28. Rd2 Rd4 29. Be3 Rxd2 30. Bxd2 c4 31. Bb4 e6 32. Rd1 Qe4 33. Rd8+ Kf7 34. Rd7+ Kg6 35. Rxa7 f4 36. Ra3 f5 37. Bc3 1-0


[Site "https://www.chess.com"]

[Event "Titled Tuesday Blitz August 08 Early 2023"]
[White "Rodchenkov, Sergey D."]
[Black "Toropov, Pavel"]
[WhiteFideId "4168712"]
[BlackFideId "24129178"]
[WhiteElo "2491"]
[BlackElo "2574"]
[Result "1-0"]
[Round "10"]
[TimeControl "180+1"]
[Date "2023.08.08"]
[WhiteClock "0:00:37"]
[BlackClock "0:00:00"]
[Board "76"]

1. e4 e6 2. d4 d5 3. Nc3 dxe4 4. Nxe4 Nd7 5. Nf3 Ngf6 6. Bd3 Nxe4 7. Bxe4 Nf6 8. Bd3 b6 9. a4 Bb7 10. a5 a6 11. axb6 cxb6 12. Qe2 Be7 13. O-O O-O 14. c3 b5 15. Ne5 Qd5 16. f4 Rfc8 17. Be3 g6 18. Rae1 Nd7 19. Rf3 Nb6 20. Rh3 f5 21. Bc1 Nc4 22. Nf3 Nd6 23. Qxe6+ Qxe6 24. Rxe6 Bf8 25. Ng5 Bd5 26. Re5 Bc4 27. Bc2 h6 28. Ne6 Bxe6 29. Rxe6 Kf7 30. Rhe3 Nc4 31. Re1 1-0


[Site "https://www.chess.com"]

[Event "Titled Tuesday Blitz August 08 Early 2023"]
[White "Martins, Bruno Andre Leite"]
[Black "Devaev, Alexander"]
[WhiteFideId "1942255"]
[BlackFideId "4169395"]
[WhiteElo "2566"]
[BlackElo "2468"]
[Result "1-0"]
[Round "10"]
[TimeControl "180+1"]
[Date "2023.08.08"]
[WhiteClock "0:00:40"]
[BlackClock "0:00:07"]
[Board "77"]

1. b3 c5 2. Ba3 Nc6 3. Bxc5 d5 4. e3 g6 5. d4 Bg7 6. Ba3 Nf6 7. Bb2 O-O 8. Nf3 Bf5 9. Bd3 Rc8 10. Bxf5 gxf5 11. O-O Nb4 12. c3 Na6 13. Nbd2 e6 14. Ne5 Nd7 15. Nxd7 Qxd7 16. c4 Nc5 17. Ba3 Ne4 18. Nxe4 fxe4 19. Bxf8 Bxf8 20. f3 exf3 21. Qxf3 dxc4 22. Rac1 b5 23. bxc4 bxc4 24. Kh1 Ba3 25. Rc2 c3 26. e4 Bb2 27. e5 Rc7 28. Qg4+ Kh8 29. Qh4 Qe7 30. Rf6 Rd7 31. h3 Qf8 32. Qe4 Qg7 33. Rcf2 Rc7 34. Rc2 Qg3 35. Rf4 Qg6 36. Qa8+ Qg8 37. Qf3 Qg6 38. Qf2 Rd7 39. Rg4 Qf5 40. Rf4 Qg6 41. Kh2 a5 42. Rg4 Qf5 43. Qg3 Rd8 44. Rf2 Qb1 45. Rxf7 Ba1 46. Rfg7 Qb8 47. Rxh7+ Kxh7 48. Rh4# 1-0


[Site "https://www.chess.com"]

[Event "Titled Tuesday Blitz August 08 Early 2023"]
[White "Kirillov, Dmitry"]
[Black "Shvedova, Alexandra"]
[WhiteFideId "34180572"]
[BlackFideId "54154782"]
[WhiteElo "2466"]
[BlackElo "2565"]
[Result "1-0"]
[Round "10"]
[TimeControl "180+1"]
[Date "2023.08.08"]
[WhiteClock "0:00:57"]
[BlackClock "0:00:13"]
[Board "78"]

1. e4 e5 2. Nf3 Nc6 3. d4 exd4 4. c3 Nf6 5. e5 Ne4 6. cxd4 d5 7. Nc3 Be7 8. Bd3 Bf5 9. O-O O-O 10. Re1 Nxc3 11. bxc3 Qd7 12. Rb1 b6 13. Bf4 h6 14. h3 Na5 15. Qc2 Bxd3 16. Qxd3 Nc4 17. Nd2 Nxd2 18. Qxd2 Qf5 19. g4 Qg6 20. Bg3 Rad8 21. f4 f5 22. exf6 Bxf6 23. f5 Qf7 24. Re6 c5 25. Be5 Bg5 26. Qe2 Qd7 27. Rg6 Rf7 28. Rf1 Re8 29. Qg2 cxd4 30. cxd4 Kh7 31. Rd6 Qa4 32. Qxd5 Rfe7 33. f6 gxf6 34. Qe4+ Kg7 35. Rdxf6 Bxf6 36. Bxf6+ Kg8 37. Bxe7 Rxe7 38. Qxe7 Qxd4+ 39. Rf2 Qd1+ 40. Kh2 1-0


[Site "https://www.chess.com"]

[Event "Titled Tuesday Blitz August 08 Early 2023"]
[White "Wong, Zhenyong Jayden"]
[Black "LangesNasenhaar"]
[WhiteFideId "5821975"]
[WhiteElo "2464"]
[BlackElo "2564"]
[Result "1-0"]
[Round "10"]
[TimeControl "180+1"]
[Date "2023.08.08"]
[WhiteClock "0:00:08"]
[BlackClock "0:00:10"]
[Board "79"]

1. g3 d5 2. Nf3 c6 3. Bg2 Nf6 4. O-O Bf5 5. b3 e6 6. Bb2 h6 7. d3 Be7 8. Nbd2 Bh7 9. c4 O-O 10. Rc1 a5 11. a3 Na6 12. Rc2 b5 13. Qa1 bxc4 14. bxc4 Nc5 15. Ne5 Qd6 16. Rfc1 Na4 17. cxd5 Nxb2 18. Qxb2 cxd5 19. a4 Rfb8 20. Qa1 Bf8 21. Ndf3 Rb7 22. Rc8 Rxc8 23. Rxc8 Rc7 24. Rxc7 Qxc7 25. Qb2 Bd6 26. Bf1 Nd7 27. Nxd7 Qxd7 28. Qb6 Bc7 29. Qb7 Qd6 30. Nd4 Bb6 31. Nb5 Qd8 32. h4 Bf5 33. Bg2 h5 34. Bf3 Bg6 35. Kg2 Kh7 36. Qc6 Kh6 37. Qb7 f6 38. Qc6 Bf7 39. Nd6 Bg8 40. Nb5 Bf7 41. Nd6 Bg6 42. Nb5 Kh7 43. Qxe6 Qf8 44. Qxd5 f5 45. Nd6 f4 46. Bxh5 Bxh5 47. Qxh5+ Kg8 48. Qd5+ Kh7 49. Qf5+ Qxf5 50. Nxf5 fxg3 51. fxg3 Kg6 52. g4 Kf6 53. Kf3 Ke5 54. Nxg7 Bc7 55. e3 Kf6 56. Nf5 Ke5 57. h5 Kf6 58. h6 Kg5 59. d4 Be5 60. dxe5 1-0


[Site "https://www.chess.com"]

[Event "Titled Tuesday Blitz August 08 Early 2023"]
[White "Mrudul Dehankar"]
[Black "Aarav Dengla"]
[WhiteFideId "25096990"]
[BlackFideId "45059756"]
[WhiteElo "2463"]
[BlackElo "2562"]
[Result "0-1"]
[Round "10"]
[TimeControl "180+1"]
[Date "2023.08.08"]
[WhiteClock "0:00:00"]
[BlackClock "0:00:50"]
[Board "80"]

1. e4 c5 2. Nf3 d6 3. d4 cxd4 4. Nxd4 Nf6 5. Nc3 a6 6. Bg5 e6 7. f4 Be7 8. Qf3 h6 9. Bh4 Nbd7 10. O-O-O g5 11. fxg5 hxg5 12. Bg3 Qc7 13. Be2 Ne5 14. Qe3 Bd7 15. h3 Rc8 16. Rhf1 b5 17. a3 Qa5 18. Nb3 Rxc3 19. Qxc3 Qxc3 20. bxc3 Nxe4 21. Bxe5 dxe5 22. Bf3 Bxa3+ 23. Kb1 Nxc3+ 24. Ka1 Nxd1 25. Rxd1 Ke7 26. Ka2 Bd6 27. Na5 Rc8 28. Kb3 b4 29. Nb7 Rc3+ 30. Kb2 Bc5 31. Nxc5 Rxc5 32. Kb3 a5 33. Ra1 Rc3+ 34. Kb2 a4 35. Rd1 a3+ 36. Kb1 f5 37. Rd2 Ba4 38. Be2 e4 0-1


[Site "https://www.chess.com"]

[Event "Titled Tuesday Blitz August 08 Early 2023"]
[White "Camilla_Lee"]
[Black "Hrbek, Stepan"]
[BlackFideId "393479"]
[WhiteElo "2559"]
[BlackElo "2463"]
[Result "0-1"]
[Round "10"]
[TimeControl "180+1"]
[Date "2023.08.08"]
[WhiteClock "0:01:07"]
[BlackClock "0:02:07"]
[Board "81"]

1. e4 c5 2. Nf3 Nc6 3. d4 cxd4 4. Nxd4 Nf6 5. Nc3 e5 6. Ndb5 d6 7. Bg5 a6 8. Na3 b5 9. Nd5 Be7 10. Bxf6 Bxf6 11. c3 Rb8 12. Nc2 Bg5 13. Bd3 O-O 14. h4 Bh6 15. g4 Bf4 16. Qf3 Be6 17. Nxf4 exf4 18. Qxf4 Ne5 19. Be2 Bc4 20. Bxc4 bxc4 21. O-O-O Nd3+ 22. Rxd3 cxd3 23. Nd4 Qa5 24. a3 Rxb2 25. Kxb2 Rb8+ 26. Ka2 Qxc3 27. Rb1 Rxb1 28. Kxb1 d2 0-1


[Site "https://www.chess.com"]

[Event "Titled Tuesday Blitz August 08 Early 2023"]
[White "Jumanov, Elbek"]
[Black "Mendez Fortes, Eduardo Jesus"]
[WhiteFideId "14202905"]
[BlackFideId "3502376"]
[WhiteElo "2447"]
[BlackElo "2555"]
[Result "0-1"]
[Round "10"]
[TimeControl "180+1"]
[Date "2023.08.08"]
[WhiteClock "0:00:00"]
[BlackClock "0:01:07"]
[Board "82"]

1. c4 Nf6 2. Nf3 e6 3. g3 d5 4. d4 dxc4 5. Bg2 a6 6. O-O Nc6 7. a4 Na5 8. Nbd2 c6 9. e3 Rb8 10. Ne5 c5 11. dxc5 c3 12. Ndc4 Qxd1 13. Rxd1 Nxc4 14. Nxc4 Bxc5 15. bxc3 O-O 16. Rb1 Bd7 17. a5 Ba4 18. Rd2 Nd5 19. Bxd5 exd5 20. Rxd5 Be7 21. Ba3 Rfd8 22. Rxd8+ Bxd8 23. Bd6 Rc8 24. Nb6 Bxb6 25. Rxb6 Rxc3 26. Kg2 Bc6+ 27. Kh3 f6 28. Rb2 Kf7 29. Bc7 g5 30. Bb6 h5 31. g4 Bd7 32. Kg3 hxg4 33. Rd2 Be6 34. Rd8 Rc1 35. Kg2 Bf5 36. Rd4 Ke6 0-1


[Site "https://www.chess.com"]

[Event "Titled Tuesday Blitz August 08 Early 2023"]
[White "Ismagilov, Damir"]
[Black "Warchol, Kamil"]
[WhiteFideId "34199982"]
[BlackFideId "21858241"]
[WhiteElo "2555"]
[BlackElo "2455"]
[Result "1-0"]
[Round "10"]
[TimeControl "180+1"]
[Date "2023.08.08"]
[WhiteClock "0:00:40"]
[BlackClock "0:00:00"]
[Board "83"]

1. d4 Nf6 2. c4 e6 3. Nc3 Bb4 4. e3 O-O 5. Bd2 b6 6. Nf3 Bb7 7. Bd3 d5 8. cxd5 exd5 9. Rc1 a6 10. Ne5 Nbd7 11. O-O Nxe5 12. dxe5 Bxc3 13. Bxc3 Ne4 14. Bxe4 dxe4 15. Qg4 Qc8 16. e6 g6 17. Qf4 Qxe6 18. Qxc7 Bd5 19. b3 Rac8 20. Qf4 Rfd8 21. Bd4 a5 22. h4 Qf5 23. Qxf5 gxf5 24. Bxb6 Rxc1 25. Rxc1 Rb8 26. Bxa5 Ra8 27. Rc5 Be6 28. Kh2 Kf8 29. Bb4 Ke8 30. Ra5 Rd8 31. Kg3 Rd1 32. Bc3 Rc1 33. Bd4 Rc2 34. h5 Kd7 35. h6 Kc6 36. Ra8 Kd5 37. Rd8+ Kc6 38. Rh8 Rxa2 39. Rxh7 1-0


[Site "https://www.chess.com"]

[Event "Titled Tuesday Blitz August 08 Early 2023"]
[White "Kukreja Sankalp"]
[Black "Keleberda, Tymur"]
[WhiteFideId "45027676"]
[BlackFideId "14174294"]
[WhiteElo "2445"]
[BlackElo "2550"]
[Result "0-1"]
[Round "10"]
[TimeControl "180+1"]
[Date "2023.08.08"]
[WhiteClock "0:00:00"]
[BlackClock "0:01:33"]
[Board "84"]

1. e4 c5 2. Nf3 d6 3. d4 cxd4 4. Nxd4 Nf6 5. Nc3 a6 6. Bc4 e6 7. Bb3 b5 8. Bg5 Be7 9. Qf3 Qc7 10. O-O-O Nc6 11. Nxc6 Qxc6 12. Qg3 O-O 13. Bxf6 Bxf6 14. Rxd6 Qc5 15. Rd3 Bb7 16. Rf3 Be5 17. Qg5 h6 18. Qh4 Rad8 19. g4 Qd4 20. Rd1 Qb6 21. Rxd8 Rxd8 22. g5 b4 23. Na4 Qd4 24. Rd3 hxg5 25. Rxd4 Rxd4 26. Qxg5 Rxe4 0-1


[Site "https://www.chess.com"]

[Event "Titled Tuesday Blitz August 08 Early 2023"]
[White "Escudero Donoso, Felipe"]
[Black "Belov, Alexei"]
[WhiteFideId "3410595"]
[BlackFideId "4128206"]
[WhiteElo "2442"]
[BlackElo "2549"]
[Result "0-1"]
[Round "10"]
[TimeControl "180+1"]
[Date "2023.08.08"]
[WhiteClock "0:00:05"]
[BlackClock "0:00:16"]
[Board "85"]

1. d4 d5 2. c4 e6 3. Nc3 Be7 4. Nf3 Nf6 5. cxd5 exd5 6. Bg5 c6 7. e3 Bf5 8. Bd3 Bxd3 9. Qxd3 Nbd7 10. O-O O-O 11. Rab1 a5 12. a3 Re8 13. b4 axb4 14. axb4 b5 15. Rfc1 Nb6 16. Ne5 Rc8 17. e4 dxe4 18. Nxe4 Nxe4 19. Bxe7 Rxe7 20. Qxe4 f6 21. Rxc6 fxe5 22. dxe5 Rxc6 23. Qxc6 Rxe5 24. h3 Rd5 25. Qe6+ Kh8 26. g3 h6 27. Rc1 Nc4 28. Kg2 Rd2 29. Ra1 Qd5+ 30. Qxd5 Rxd5 31. Ra8+ Kh7 32. Rb8 Na3 33. Ra8 Nc2 34. Rb8 Nxb4 35. Kf3 Nc6 36. Rb6 Rc5 37. Ke3 b4 38. Kd2 Rc3 39. h4 h5 40. f3 Ne5 41. Rxb4 Rxf3 42. Rb5 Rf5 43. Ke2 Kg6 44. Rb6+ Rf6 45. Rb5 Ng4 46. Rg5+ Kh6 47. Ra5 Rf2+ 48. Ke1 Rg2 49. Ra3 g6 50. Kf1 Rb2 51. Kg1 Kg7 52. Ra6 Ne3 53. Ra7+ Kf6 54. Ra3 Nf5 55. Re3 Nxe3 56. g4 hxg4 57. h5 gxh5 58. Kh1 h4 59. Kg1 g3 60. Kh1 h3 61. Kg1 h2+ 62. Kh1 Rb1# 0-1


[Site "https://www.chess.com"]

[Event "Titled Tuesday Blitz August 08 Early 2023"]
[White "Nathan, Nitish"]
[Black "Janaszak, Dawid"]
[WhiteFideId "30927870"]
[BlackFideId "1119206"]
[WhiteElo "2418"]
[BlackElo "2549"]
[Result "0-1"]
[Round "10"]
[TimeControl "180+1"]
[Date "2023.08.08"]
[WhiteClock "0:00:44"]
[BlackClock "0:00:18"]
[Board "86"]

1. d4 Nf6 2. Bf4 c5 3. e3 Nd5 4. dxc5 Nxf4 5. exf4 g6 6. Qd4 f6 7. Nf3 Nc6 8. Qd2 Bg7 9. Bc4 Na5 10. Be2 O-O 11. O-O b6 12. b4 Nc6 13. b5 Na5 14. Qd5+ e6 15. Qxa8 Qc7 16. cxb6 axb6 17. Qe4 f5 18. Qe3 Bxa1 19. c3 Bb7 20. Ne5 Rc8 21. Rd1 Bd5 22. Bf3 Nc4 23. Nxc4 Bxc4 24. Qd4 Bxa2 25. Qa4 Bxb1 26. Qxa1 Be4 27. Bxe4 fxe4 28. Qb1 d5 29. Qb4 Qc5 30. Qa4 Qxc3 31. Qa7 Qd3 32. Qa1 Qxb5 33. Qf6 Qd7 34. Rb1 Rf8 35. Qe5 Qc6 36. h4 d4 37. Qxd4 Qd5 38. Qxb6 Rxf4 39. Qb8+ Rf8 40. Qg3 Qd3 41. Qe5 Qxb1+ 42. Kh2 Qb3 43. h5 Qd5 44. Qb2 Qxh5+ 45. Kg1 Qf5 46. Qd4 e5 47. Qd5+ Rf7 48. Qd8+ Kg7 49. Qd2 Qf4 50. Qb2 h5 51. g3 Qf5 52. Qd2 g5 53. Qe3 Kg6 54. Qd2 Qf3 55. Qd6+ Rf6 56. Qd2 e3 57. Qc2+ e4 58. fxe3 Qf1+ 59. Kh2 Rf2+ 60. Qxf2 Qxf2+ 61. Kh3 g4+ 62. Kh4 Qh2# 0-1


[Site "https://www.chess.com"]

[Event "Titled Tuesday Blitz August 08 Early 2023"]
[White "ArtemDyachuk"]
[Black "Buscar, Michael"]
[BlackFideId "2603616"]
[WhiteElo "2540"]
[BlackElo "2408"]
[Result "1-0"]
[Round "10"]
[TimeControl "180+1"]
[Date "2023.08.08"]
[WhiteClock "0:02:10"]
[BlackClock "0:01:04"]
[Board "87"]

1. e4 c5 2. Nf3 Nc6 3. Bb5 Nf6 4. Nc3 g6 5. e5 Ng4 6. Bxc6 bxc6 7. h3 Nh6 8. d3 Nf5 9. Bf4 Nd4 10. Ne4 Bg7 11. O-O Ne6 12. Bg3 O-O 13. Qd2 Rb8 14. b3 Rb5 15. c4 Rb8 16. Nf6+ exf6 17. exf6 Bxf6 18. Bxb8 Bxa1 19. Rxa1 Qb6 20. Bd6 Re8 21. Re1 Qd8 22. Qh6 Nd4 23. Rxe8+ Qxe8 24. Ng5 1-0


[Site "https://www.chess.com"]

[Event "Titled Tuesday Blitz August 08 Early 2023"]
[White "GaiozNigalidze"]
[Black "Mammadzada, Gunay"]
[BlackFideId "13403729"]
[WhiteElo "2383"]
[BlackElo "2540"]
[Result "0-1"]
[Round "10"]
[TimeControl "180+1"]
[Date "2023.08.08"]
[WhiteClock "0:00:08"]
[BlackClock "0:00:04"]
[Board "88"]

1. d4 d5 2. c4 c6 3. cxd5 cxd5 4. Nc3 Nc6 5. Bf4 Bf5 6. e3 e6 7. Qb3 Qd7 8. Nf3 f6 9. h3 h5 10. h4 Nh6 11. Rc1 Nf7 12. Be2 Bd6 13. Bxd6 Nxd6 14. Na4 Ne4 15. Nc5 Nxc5 16. Rxc5 Bg4 17. O-O O-O 18. Rfc1 a6 19. Bd3 Bxf3 20. gxf3 f5 21. Kg2 Qe7 22. Rh1 Rf6 23. Rh3 f4 24. Bb1 Raf8 25. Qd3 g6 26. a3 Qg7 27. e4 dxe4 28. Qxe4 Rd8 29. d5 exd5 30. Rxd5 Rxd5 31. Qxd5+ Qf7 32. Qg5 Kg7 33. Rh1 Rd6 34. Re1 Qf6 35. Qc5 Qd4 36. Qc2 Qf6 37. Qe4 Qxh4 38. Rh1 Qg5+ 39. Kh2 Rd2 40. Rf1 Qg3+ 41. Kh1 Qh4+ 42. Kg1 Qg5+ 43. Kh1 Ne5 44. Qxb7+ Kh6 45. Qa8 Qh4+ 46. Kg1 Qg5+ 47. Kh1 Qh4+ 48. Kg1 Qg5+ 49. Kh2 Kg7 50. Qb7+ Kh6 51. Qh7+ Kxh7 52. Kh1 Qh4+ 53. Kg1 Nxf3+ 54. Kg2 Qg4+ 55. Kh1 Qh3# 0-1


[Site "https://www.chess.com"]

[Event "Titled Tuesday Blitz August 08 Early 2023"]
[White "Amanov, Zhanibek"]
[Black "Burmakin, Vladimir"]
[WhiteFideId "13700189"]
[BlackFideId "4105109"]
[WhiteElo "2373"]
[BlackElo "2539"]
[Result "0-1"]
[Round "10"]
[TimeControl "180+1"]
[Date "2023.08.08"]
[WhiteClock "0:00:00"]
[BlackClock "0:01:00"]
[Board "89"]

1. e4 c6 2. d4 d5 3. exd5 cxd5 4. Bd3 Nf6 5. h3 Qc7 6. c3 Nc6 7. Nf3 e6 8. O-O Bd6 9. Re1 Rb8 10. Bg5 h6 11. Be3 b5 12. Nbd2 b4 13. Nb3 bxc3 14. bxc3 O-O 15. Qd2 Ne4 16. Bxe4 dxe4 17. Nh4 f5 18. d5 Ne5 19. dxe6 Bxe6 20. Bxa7 Rbd8 21. Nd4 Bd7 22. Rab1 Qxa7 23. Nb5 Bxb5 24. Qd5+ Qf7 25. Qxf7+ Kxf7 26. Rxb5 Kf6 27. g4 g5 28. Nxf5 Nf3+ 29. Kf1 Nxe1 30. Kxe1 Rb8 31. Nxd6 Rxb5 32. Nxb5 Ra8 33. a3 Ke5 34. Ke2 Rd8 35. c4 Rc8 36. Ke3 Rxc4 37. f3 exf3 38. Kxf3 Rc5 39. a4 Rc4 40. a5 Ra4 41. Kg3 Rxa5 42. Nc7 Rc5 43. Ne8 Rc3+ 44. Kg2 Kf4 45. Ng7 Rc2+ 0-1


[Site "https://www.chess.com"]

[Event "Titled Tuesday Blitz August 08 Early 2023"]
[White "Molina, Roberto Junio Brito"]
[Black "Glavina, Pablo"]
[WhiteFideId "2109450"]
[BlackFideId "100234"]
[WhiteElo "2817"]
[BlackElo "2517"]
[Result "1-0"]
[Round "10"]
[TimeControl "180+1"]
[Date "2023.08.08"]
[WhiteClock "0:01:28"]
[BlackClock "0:01:29"]
[Board "90"]

1. e4 c5 2. Nf3 d6 3. d4 cxd4 4. Nxd4 Nf6 5. Nc3 Nc6 6. Bg5 e6 7. Qd2 Be7 8. O-O-O O-O 9. f3 a6 10. h4 Nxd4 11. Qxd4 b5 12. Bd3 Bb7 13. Kb1 Rc8 14. g4 Qa5 15. Bd2 b4 16. Ne2 d5 17. e5 Nd7 18. Nc1 Bc5 19. Nb3 Bxd4 20. Nxa5 Ba8 21. Bxb4 Rfd8 22. f4 Nc5 23. Bxh7+ Kxh7 24. Rxd4 Ne4 25. c3 Bc6 26. b3 Ba8 27. Kb2 Rc7 28. Re1 Rdc8 29. Re3 Nf2 30. f5 Rd7 31. a4 Ne4 32. Rexe4 1-0


[Site "https://www.chess.com"]

[Event "Titled Tuesday Blitz August 08 Early 2023"]
[White "Willy, Stephen"]
[Black "Srihari L R"]
[WhiteFideId "30981468"]
[BlackFideId "46617116"]
[WhiteElo "2503"]
[BlackElo "2740"]
[Result "0-1"]
[Round "10"]
[TimeControl "180+1"]
[Date "2023.08.08"]
[WhiteClock "0:00:00"]
[BlackClock "0:01:06"]
[Board "91"]

1. d4 d6 2. e4 Nf6 3. Nc3 e5 4. Nf3 exd4 5. Nxd4 Be7 6. f3 O-O 7. Be3 d5 8. e5 Ne8 9. Nb3 c6 10. Bd3 f6 11. exf6 Bxf6 12. Qd2 Nd6 13. O-O-O Nd7 14. h4 Ne5 15. Be2 Ndc4 16. Bxc4 Nxc4 17. Qd3 Bf5 18. Qxf5 Bxc3 19. Qe6+ Kh8 20. Bd4 Bxd4 21. Rxd4 a5 22. Rhd1 a4 23. Nd2 Nd6 24. Ne4 Nf5 25. R4d3 Qxh4 26. Nc5 Qc4 27. Nd7 Qxa2 28. Nxf8 Rxf8 29. Ra3 Qc4 30. Re1 Nd4 31. Rc3 Qxc3 32. bxc3 Nxe6 33. Rxe6 h6 34. Re7 b5 35. Rc7 Rf6 36. Kd2 h5 37. Ke3 h4 38. f4 Kh7 39. Kf3 Rg6 40. Rc8 Rg3+ 41. Kf2 Rxc3 0-1


[Site "https://www.chess.com"]

[Event "Titled Tuesday Blitz August 08 Early 2023"]
[White "Hulka, Valentyn"]
[Black "Yashmetov, Mikhail"]
[WhiteFideId "34107061"]
[BlackFideId "24198900"]
[WhiteElo "2702"]
[BlackElo "2486"]
[Result "1-0"]
[Round "10"]
[TimeControl "180+1"]
[Date "2023.08.08"]
[WhiteClock "0:00:29"]
[BlackClock "0:00:02"]
[Board "92"]

1. Nf3 Nf6 2. d4 g6 3. c4 Bg7 4. Nc3 O-O 5. e4 d6 6. h3 e5 7. d5 Nh5 8. Rg1 f5 9. Bg5 Qe8 10. exf5 gxf5 11. Qd2 Na6 12. O-O-O Nc5 13. Nh4 e4 14. g4 fxg4 15. hxg4 Nf6 16. Nf5 Bxf5 17. gxf5 Kh8 18. Be2 Na4 19. Nxa4 Qxa4 20. Kb1 Rae8 21. Be3 Qd7 22. Rg2 Qxf5 23. Rdg1 Rg8 24. Bd4 e3+ 25. Qd3 Qxd3+ 26. Bxd3 exf2 27. Rxf2 Ref8 28. Rh2 h6 29. Rg6 h5 30. Rxh5+ Nxh5 31. Rh6# 1-0


[Site "https://www.chess.com"]

[Event "Titled Tuesday Blitz August 08 Early 2023"]
[White "Godzwon, Iwo"]
[Black "Khamdamova, Afruza"]
[WhiteFideId "21802483"]
[BlackFideId "14210444"]
[WhiteElo "2657"]
[BlackElo "2480"]
[Result "1-0"]
[Round "10"]
[TimeControl "180+1"]
[Date "2023.08.08"]
[WhiteClock "0:01:00"]
[BlackClock "0:00:16"]
[Board "93"]

1. e4 e5 2. Nf3 Nc6 3. Bc4 Nf6 4. d3 Bc5 5. O-O d6 6. c3 a6 7. Re1 Ba7 8. Nbd2 O-O 9. Nf1 Be6 10. Bxe6 fxe6 11. Be3 Bxe3 12. Nxe3 Qd7 13. h3 Kh8 14. Nh2 Qf7 15. Qe2 Nh5 16. g3 Rae8 17. Rad1 Nf6 18. Neg4 Nxg4 19. Nxg4 Qh5 20. Kg2 Re7 21. Ne3 Qh6 22. d4 Ref7 23. Ng4 Qh5 24. dxe5 Nxe5 25. f4 Ng6 26. Rf1 Qa5 27. Qc4 Re7 28. a3 h5 29. Ne3 h4 30. f5 Ne5 31. Qe2 hxg3 32. Kxg3 Kg8 33. Rf4 exf5 34. Nxf5 Re6 35. Rdf1 Rg6+ 36. Kh2 Re8 37. Qh5 Rge6 38. Rh4 Ng6 39. Qh7+ 1-0


[Site "https://www.chess.com"]